 Dungeon Crawl Stone Soup version 0.19.1-1-g22dce08 (webtiles) character file.

12516 Atlantean the Blocker (level 11, -1/73 HPs)
             Began as a Gargoyle Fighter on Jan 9, 2017.
             Was a High Priest of Okawaru.
             Slain by an ice dragon (8 damage)
             ... in an ice cave.
             The game lasted 00:25:38 (9336 turns).

Atlantean the Blocker (Gargoyle Fighter)            Turns: 9336, Time: 00:25:39

Health: -1/73      AC: 24    Str: 28    XL:     11   Next: 94%
Magic:  11/11      EV: 11    Int: 11    God:    Okawaru [*****.]
Gold:   635        SH: 14    Dex:  9    Spells: 0 memorised, 10 levels left

rFire  + . .     SeeInvis .     a - +8 mace "Sofieruq" {venom, rC+ Int+2}
rCold  + + .     Gourm    .     b - +4 chain mail
rNeg   + + .     Faith    .     c - +0 shield
rPois  ∞         Spirit   .     X - -2 hat of the Alchemist {rElec rPois rF+ rC+ rN+ MR+ rMut rCorr}
rElec  +         Reflect  +     i - +0 cloak of Inviolability {Str+3}
rCorr  +         Harm     .     (no gloves)
rMut   +                        O - +0 pair of boots
MR     +....                    y - +2 amulet of reflection
Stlth  ..........               B - +2 ring of strength
                                o - +3 ring of evasion

@: no status effects
A: negative energy resistance 1, electricity resistance, unbreathing,
petrification resistance, rot immunity, AC +7
a: Heroism, Finesse, Renounce Religion


You were in an ice cave.
You worshipped Okawaru.
Okawaru was extremely pleased with you.
You were not hungry.

You visited 3 branches of the dungeon, and saw 12 of its levels.
You also visited: Sewer and Ice Cave.

You collected 770 gold pieces.
You spent 135 gold pieces at shops.

Inventory:

Hand Weapons
 a - the +8 mace "Sofieruq" (weapon) {venom, rC+ Int+2}
   (You found it on level 9 of the Dungeon)

   It poisons the flesh of those it strikes.
   It affects your intelligence (+2).
   It protects you from cold.
 m - the +6 long sword of a bazaar {venom, rF++ rC+}
   (You found it on level 1 of the Lair of Beasts)

   It poisons the flesh of those it strikes.
   It greatly protects you from fire.
   It protects you from cold.
 x - a +2 dagger of speed
 F - a +2 morningstar of pain
 T - a +4 flail
Armour
 b - a +4 chain mail (worn)
 c - a +0 shield (worn)
 i - the +0 cloak of Inviolability (worn) {Str+3}
   (Okawaru gifted it to you on level 1 of the Lair of Beasts)

   It affects your strength (+3).
 n - a +0 buckler
 O - a +0 pair of boots (worn)
 U - the +1 ring mail of You Go First {rElec rN++ Stlth+}
   (You found it on level 7 of the Dungeon)

   It insulates you from electricity.
   It greatly protects you from negative energy.
   It makes you more stealthy.
 X - the -2 hat of the Alchemist (worn) {rElec rPois rF+ rC+ rN+ MR+ rMut rCorr}
   (You found it on level 6 of the Dungeon)

   It protects you from fire.
   It protects you from cold.
   It insulates you from electricity.
   It protects you from poison.
   It protects you from negative energy.
   It affects your resistance to hostile enchantments.
   It protects you from acid and corrosion.
   It protects you from mutation.
Jewellery
 o - a +3 ring of evasion (left hand)
 p - an uncursed ring of flight
 r - an uncursed ring of positive energy
 t - an uncursed ring of see invisible
 y - a +2 amulet of reflection (around neck)
 B - a +2 ring of strength (right hand)
 J - an uncursed ring of fire
 L - an uncursed ring of wizardry
 M - an uncursed ring of stealth
Wands
 s - a wand of acid (6/15)
 u - a wand of acid (9/15)
 E - a wand of iceblast (5/15)
 R - a wand of hasting (9/9)
Scrolls
 d - a scroll of amnesia
 g - a scroll of enchant weapon
 h - 3 scrolls of fog
 j - 3 scrolls of blinking
 k - a scroll of remove curse
 q - 8 scrolls of teleportation
 v - a scroll of random uselessness {unknown}
 w - a scroll of recharging
 H - 2 scrolls of magic mapping
Potions
 e - a potion of agility
 C - a potion of invisibility
 G - 4 potions of flight
 N - a potion of might
 Z - a potion of berserk rage
Miscellaneous
 V - a phantom mirror
Comestibles
 f - 5 bread rations
 l - 6 meat rations
 I - 20 fruits
 Y - 2 beef jerkies


   Skills:
 + Level 10.7 Fighting
 + Level 9.8 Maces & Flails
 + Level 10.6 Armour
 + Level 10.8 Shields


You had 10 spell levels left.
You didn't know any spells.

Dungeon Overview and Level Annotations

Branches:
Dungeon (9/15)             Temple (1/1) D:5            Lair (2/6) D:9
  Swamp: Lair:2-4    Shoals: Lair:2-4     Snake: Lair:2-4    Spider: Lair:2-4
    Orc: D:9-12

Altars:
Ashenzari
Cheibriados
Dithmenos
Elyvilon
Fedhas
Gozag
Hepliaklqana
Kikubaaqudgha
Makhleb
Nemelex Xobeh
Okawaru
Qazlal
Ru
Sif Muna
Trog
Uskayaw
Xom
Yredelemnul
Zin
The Shining One

Shops:
D:8 *(   D:9 =}?

Annotations:
D:9 ring Slay+4; rF++


Innate Abilities, Weirdness & Mutations

You are resistant to torment.
Your stone body is resilient. (AC +7)
You are immune to poison.
You resist negative energy. (rN+)
You are resistant to electric shocks. (rElec)
You can survive without breathing.
You are immune to petrification.
You are immune to rotting.


Message History

The ice dragon is heavily wounded.
The ice dragon bites you.
The ice dragon claws you but does no damage.
The ice dragon tramples you.
You stumble backwards!
The ice dragon breathes frost at you.
The blast of cold hits the ice dragon.
The ice dragon resists.
The blast of cold hits you! You resist.
You sock the ice dragon!
The ice dragon looks as sick as possible!
The ice dragon is severely wounded.
Unknown command.
You hit the ice dragon but do no damage.
The ice dragon is severely wounded.
The ice dragon breathes frost at you. The blast of cold hits you! You resist.
* * * LOW HITPOINT WARNING * * *
Unknown command.
Okay, then.
The ice dragon bites you!
You die...

......#
##.#
.....##
#.##
.....#
#..#
##..##
#..#
#.#.##
#..##
###..#
##..##
##.##
##..###
#..##
##...#
##..#
###@###
#..##
#.D#.##
##.##
##D##..#
#.#.#
#..#...#
##.##
##...#.##
#..#
#####D.#
##.## #
#...#
#..# ##$
##..#
##.# #$$$
##.#


You could see 2 ice dragons.

Vanquished Creatures
  3 elephants (Lair:1)
  Joseph (D:7)
  2 ice statues (IceCv)
  A spiny frog (Lair:1)
  A komodo dragon (Lair:1)
  4 rime drakes
  3 blink frogs (Lair:1)
  The ghost of Atlantean the Shield-Bearer, an amateur GrFi (D:6)
  The ghost of Atlantean the Skirmisher, an amateur GrFi (D:4)
  Sigmund (D:4)
  12 yaks
  Eustachio (D:4)
  A hungry ghost (D:8)
  Duvessa (D:6)
  5 water moccasins
  2 porcupines
  17 ice beasts
  A phantom (D:4)
  2 centaurs
  10 wolves (Lair:1)
  2 ogres
  A crocodile (Lair:1)
  The ghost of Atlantean the Shield-Bearer, an amateur GrFi (D:3)
  A big kobold (D:9)
  5 bullfrogs
  Dowan (D:6)
  5 scorpions
  3 wights (D:6)
  An electric eel (Lair:1)
  3 crimson imps
  A bullfrog zombie (D:7)
  3 hounds
  5 jellies
  3 orc wizards
  2 orc priests
  Crazy Yiuf (D:2)
  A bullfrog skeleton (D:8)
  Ijyb (D:2)
  Terence (D:2)
  2 iguanas
  8 worker ants
  A siren (Sewer)
  A merfolk avatar (Sewer)
  A hound skeleton (D:4)
  Robin (D:3)
  4 gnolls (D:7)
  16 adders
  2 shadow imps
  2 oozes
  An adder skeleton (D:4)
  2 worms
  2 dart slugs (D:2)
  9 leopard geckos
  32 orcs
  11 giant cockroaches
  19 goblins
  10 hobgoblins
  18 jackals
  3 quokkas
  7 ball pythons
  14 bats
  6 frilled lizards
  A jackal skeleton (D:4)
  2 jackal zombies (D:5)
  16 kobolds
  A leopard gecko skeleton (D:7)
  A leopard gecko zombie (D:7)
  31 rats
335 creatures vanquished.

Vanquished Creatures (others)
  A frilled lizard (D:2)
  A fungus (Lair:1)
2 creatures vanquished.

Grand Total: 337 creatures vanquished

Notes
Turn   | Place    | Note
-------+----------+-------------------------------------------
     0 | D:1      | Atlantean the Gargoyle Fighter began the quest for the Orb.
     0 | D:1      | Reached XP level 1. HP: 14/14 MP: 1/1
    48 | D:1      | Reached XP level 2. HP: 19/19 MP: 2/2
   697 | D:2      | Reached XP level 3. HP: 21/24 MP: 3/3
   854 | D:2      | Noticed Ijyb
   931 | D:2      | Killed Ijyb
   931 | D:2      | Reached XP level 4. HP: 24/29 MP: 4/4
  1045 | D:2      | Noticed Terence
  1055 | D:2      | Killed Terence
  1120 | D:2      | Found a runed door.
  1252 | D:2      | Found a basalt altar of Yredelemnul.
  1256 | D:2      | Found a shimmering altar of Xom.
  1278 | D:2      | Found a sparkling altar of Nemelex Xobeh.
  1314 | D:2      | Noticed Crazy Yiuf
  1325 | D:2      | Killed Crazy Yiuf
  1325 | D:2      | Reached XP level 5. HP: 23/33 MP: 5/5
  1426 | D:3      | Noticed Robin
  1438 | D:3      | Killed Robin
  1458 | D:3      | Noticed Atlantean's ghost (amateur GrFi)
  1479 | D:3      | Killed Atlantean's ghost
  1479 | D:3      | Reached XP level 6. HP: 19/39 MP: 6/6
  2239 | D:3      | Reached skill level 5 in Shields
  2283 | D:3      | Reached skill level 5 in Fighting
  2303 | D:3      | Reached XP level 7. HP: 41/44 MP: 7/7
  2413 | D:4      | Found a glowing drain.
  2446 | Sewer    | Entered a sewer
  2566 | Sewer    | Reached skill level 5 in Armour
  3117 | D:4      | Noticed Eustachio
  3117 | D:4      | Noticed Sigmund
  3128 | D:4      | Noticed Atlantean's ghost (amateur GrFi)
  3135 | D:4      | Killed Sigmund
  3148 | D:4      | HP: 1/44 [white imp/puff of frost[Eustachio] (5)]
  3149 | D:4      | Reached skill level 5 in Maces & Flails
  3149 | D:4      | Reached XP level 8. HP: 1/50 MP: 8/8
  3157 | D:4      | Killed Eustachio
  3481 | D:4      | Killed Atlantean's ghost
  4057 | D:5      | Entered Level 5 of the Dungeon
  4057 | D:5      | Found a staircase to the Ecumenical Temple.
  4071 | Temple   | Entered the Ecumenical Temple
  4217 | Temple   | Became a worshipper of Warmaster Okawaru
  4741 | D:6      | Reached XP level 9. HP: 37/56 MP: 9/9
  4843 | D:6      | Found a shadowy altar of Dithmenos.
  4888 | D:6      | Noticed Atlantean's ghost (amateur GrFi)
  4901 | D:6      | Killed Atlantean's ghost
  4901 | D:6      | Reached * piety under Okawaru
  4931 | D:6      | Noticed Dowan
  4931 | D:6      | Noticed Duvessa
  4952 | D:6      | Killed Duvessa
  4954 | D:6      | Killed Dowan
  5297 | D:7      | Got a slimy ring mail
  5308 | D:7      | Identified the +1 ring mail of You Go First {rElec rN++ Stlth+} (You found it on level 7 of the Dungeon)
  5341 | D:7      | Noticed Joseph
  5357 | D:7      | Killed Joseph
  5357 | D:7      | Reached ** piety under Okawaru
  6372 | D:8      | Found Nusoham's Weapon Shop.
  6438 | D:8      | Reached XP level 10. HP: 62/64 MP: 10/10
  6731 | D:8      | Found an opulent altar of Gozag.
  6732 | D:8      | Found Gozag's Platinum Reserve.
  6800 | D:8      | Reached *** piety under Okawaru
  6989 | D:9      | Found a shimmering altar of Xom.
  7075 | D:9      | Got a fine mace
  7076 | D:9      | Identified the +8 mace "Sofieruq" {venom, rC+ Int+2} (You found it on level 9 of the Dungeon)
  7093 | D:9      | Found Zamadojy's Magic Scroll Boutique.
  7111 | D:9      | Bought a scroll of teleportation for 45 gold pieces
  7111 | D:9      | Bought a scroll of identify for 30 gold pieces
  7111 | D:9      | Bought a scroll of identify for 30 gold pieces
  7111 | D:9      | Bought a scroll of identify for 30 gold pieces
  7131 | D:9      | Found Eskudaabi's Gadget Boutique.
  7175 | D:9      | Found Buzxucuts's Jewellery Shoppe.
  7426 | D:9      | Found a staircase to the Lair.
  7437 | Lair:1   | Entered Level 1 of the Lair of Beasts
  7485 | Lair:1   | HP: 2/65 [yak (9)]
  7486 | Lair:1   | Reached **** piety under Okawaru
  7498 | Lair:1   | HP: 3/66 [yak (8)]
  8002 | Lair:1   | Reached ***** piety under Okawaru
  8030 | Lair:1   | Got a transparent long sword
  8139 | Lair:1   | Noticed an elephant
  8139 | Lair:1   | Noticed an elephant
  8139 | Lair:1   | Noticed an elephant
  8151 | Lair:1   | Identified the +6 long sword of a bazaar {venom, rF++ rC+} (You found it on level 1 of the Lair of Beasts)
  8163 | Lair:1   | Killed an elephant
  8163 | Lair:1   | Reached XP level 11. HP: 71/71 MP: 11/11
  8276 | Lair:1   | Received a gift from Okawaru
  8280 | Lair:1   | Reached skill level 10 in Shields
  8289 | Lair:1   | Got a warped cloak {god gift}
  8300 | Lair:1   | Identified the +0 cloak of Inviolability {Str+3} (Okawaru gifted it to you on level 1 of the Lair of Beasts)
  8642 | Lair:1   | Reached skill level 10 in Fighting
  8880 | Lair:2   | Reached skill level 10 in Armour
  8924 | Lair:2   | Found a frozen archway.
  8943 | IceCv    | Entered an ice cave
  9311 | IceCv    | Noticed an ice dragon
  9311 | IceCv    | Noticed an ice dragon
  9336 | IceCv    | Slain by an ice dragon

Skill      XL: |  1  2  3  4  5  6  7  8  9 10 11 |
---------------+----------------------------------+-----
Fighting       | 4 5 6 8 9 10 | 10.7
Maces & Flails | 3 4 5 6 7 8 9 |  9.8
Shields        | 4 5 7 8 9 10 | 10.8
Armour         | 4 5 6 8 9 10 | 10.6

Action                   |  1- 3 |  4- 6 |  7- 9 | 10-12 || total
-------------------------+-------+-------+-------+-------++-------
Melee: Flail             |   189 |   326 |   580 |    70 ||  1165
       Mace              |       |       |       |   335 ||   335
Invok: Heroism           |       |       |       |     1 ||     1
Evoke: Wand              |       |       |       |     1 ||     1
  Use: Potion            |       |     1 |     5 |     3 ||     9
       Scroll            |       |       |    12 |     7 ||    19
  Eat: Chunk             |       |     6 |    15 |    10 ||    31
       Pizza             |       |       |       |     1 ||     1
Armor: Scale mail        |   123 |   192 |   190 |       ||   505
       Chain mail        |       |       |    26 |   182 ||   208
       Ring mail         |       |       |    21 |       ||    21
       Skin              |       |       |       |    18 ||    18
Dodge: Dodged            |    84 |   217 |   246 |   151 ||   698
Block: Shield            |   111 |   227 |   334 |   258 ||   930
       Reflection        |       |       |       |     2 ||     2
